Map: Dusk Towers

Players

TTS - Winner!

  • Race: Protoss Protoss
  • League: Platinum

Victor

  • Race: Terran Terran
  • League: Diamond

VOD

Have the link to the VOD?

Description

Time

  • Played on: Feb. 23, 2016, 11:35 p.m.
  • Length: 3:39
Show
View Real Time Build Order
Export as new Build Order

TTS Protoss - Winner!

Build Orders: Oracle Opening 

Get SALT Encoding   

  12  0:10  Pylon  
  12  0:13  Probe (Chrono Boost)  
  13  0:29  Gateway  
  13  0:31  Probe (Chrono Boost)  
  14  0:41  Probe (Chrono Boost)  
  14  0:42  Assimilator  
  15  0:52  Probe (Chrono Boost)  
  16  0:57  Assimilator  
  16  1:03  Probe (Chrono Boost)  
  17  1:13  Probe (Chrono Boost)  
  18  1:23  Cybernetics Core  
  18  1:24  Probe (Chrono Boost)  
  19  1:26  Pylon  
  19  1:34  Probe (Chrono Boost)  
  20  1:45  Probe (Chrono Boost)  
  21  1:55  Probe (Chrono Boost)  
  21  2:00  Stargate  
  22  2:04  Adept  
  22  2:06  Probe (Chrono Boost)  
  26  2:28  Gateway x2  
  25  2:35  Adept  
  27  2:44  Oracle (Chrono Boost)  
  30  2:52  Pylon  
  30  3:07  Pylon  
  34  3:29  Gateway  
Show
View Real Time Build Order
Export as new Build Order

Victor Terran 

Build Orders: Reaper Expand 

Get SALT Encoding   

  12  0:08  SCV  
  13  0:20  SCV  
  14  0:25  Supply Depot  
  14  0:33  SCV  
  15  0:47  Refinery, SCV, Barracks  
  16  0:59  SCV  
  17  1:11  SCV  
  18  1:23  SCV  
  19  1:35  Reaper  
  20  1:41  Orbital Command  
  20  1:43  Command Center  
  20  1:56  Barracks  
  20  2:04  Refinery  
  20  2:08  Supply Depot  
  20  2:15  Barracks Reactor  
  20  2:21  SCV  
  21  2:34  Factory  
  21  2:40  SCV  
  21  2:45  Barracks Tech Lab  
  21  2:52  SCV  
  21  2:57  Marine x2  
  24  3:00  Orbital Command  
  24  3:05  Marine  
  25  3:07  SCV  
  26  3:15  Marine x2  
Tags
 
Add a new tag
Caveats
  • Supply blocks, unpowered buildings, or Contaminate may cause inaccurate times.
  • Supply counts are checked every 10 seconds.